[Event "28th Bosnjaci Open 2024"]
[Site "Bosnjaci"]
[Date "2024.01.06"]
[Round "6.1"]
[White "Culum, Sanjin"]
[Black "Saric, Ante"]
[Result "0-1"]
[ECO "B40"]
[WhiteElo "2349"]
[BlackElo "2508"]
[Annotator "TA"]
[PlyCount "124"]
[EventDate "2024.01.02"]
[EventType "swiss"]
[EventCountry "CRO"]
[SourceTitle "playchess.com"]
[Source "ChessBase"]
[SourceQuality "1"]
[TimeControl "5400+30"]

1. e4 c5 2. Nf3 e6 3. d4 cxd4 4. Nxd4 Nf6 5. Bd3 Nc6 6. Nxc6 bxc6 7. c4 e5 $1 {[%emt 0:02:18][%mdl 4] is currently scoring better than 7...d5.} 8. O-O Bc5 9. Qe2 {[%emt 0:04:48] B40: Sicilian: 2...e6, Unusual lines.} d6 10. h3 Be6 11. Nc3 {[%emt 0:02:31] [#] The position is equal.} Nd7 $146 ({Predecessor:} 11... g6 12. Be3 Nh5 13. Rad1 Bxe3 14. Qxe3 Nf4 15. Ne2 Qg5 16. Nxf4 exf4 17. Qf3 h5 {0-1 De Santana,J (1841)-Starke,B (2163) BRA-ch U26 Cuiaba 2016 (4)}) 12. Rb1 h6 13. b4 Bd4 14. Qc2 a5 15. a3 axb4 16. axb4 O-O 17. Ne2 Bb6 18. Kh2 Qe7 19. Bb2 f6 20. Ng3 g6 {[%emt 0:03:36] Against Nf5} 21. Ra1 h5 22. Rxa8 Rxa8 23. Ra1 Qd8 24. Rd1 Qe7 25. Ra1 Rxa1 26. Bxa1 Nb8 27. Bc3 Qa7 28. Kg1 h4 29. Nf1 g5 30. Qd2 Kf7 31. Ne3 Ke7 32. Qe2 Qa3 33. Qb2 (33. Bd2 $11) 33... Qa7 ({Black should play} 33... Qxb2 $17 34. Bxb2 Nd7) 34. Qe2 $15 Nd7 35. Kf1 (35. c5 $11 {keeps the balance.} dxc5 36. Bc4 cxb4 37. Bxb4+ Bc5 38. Bxe6 Bxb4 39. Bf5 (39. Qc4 Qc5 $11)) 35... Qa3 36. Qb2 Qxb2 37. Bxb2 Bxe3 38. fxe3 {[%emt 0:00:04][%cal Oc4c5][%mdl 4096] Endgame KBB-KBN} c5 39. Ba3 cxb4 40. Bxb4 Nc5 41. Ke2 Bc8 {[%emt 0:05:48] Black is more active.} 42. Bxc5 dxc5 {[%emt 0:00:02] KB-KB} 43. Kf3 Kd6 44. g4 $2 {[%emt 0:00:58][%mdl 8192] [#] Loses the game.} (44. Ke2 $15) 44... Kc7 45. Ke2 Kb6 46. Kd2 Ka5 47. Kc3 Ka4 48. Be2 Ka3 49. Bf3 Bb7 50. Bg2 Ka2 51. Kc2 Bc6 52. Bf3 Ba4+ 53. Kc3 Kb1 {[%emt 0:00:40] [#] ( -> ...Bc2)} 54. Kd2 Kb2 55. Be2 Bb3 56. Bd3 Ba2 57. Be2 Bb1 58. Bd3 Bxd3 {[%emt 0:02:06] Black mates.} 59. Kxd3 Kc1 60. Kc3 Kd1 61. Kb3 Ke2 62. Ka4 Kxe3 {[%emt 0:00:28] Weighted Error Value: White=0.51/Black=0.08 (flawless)} 0-1

[Event "28th Bosnjaci Open 2024"]
[Site "Bosnjaci"]
[Date "2024.01.06"]
[Round "6.2"]
[White "Zaja, Ivan"]
[Black "Plenkovic, Zdenko"]
[Result "1/2-1/2"]
[ECO "A65"]
[WhiteElo "2419"]
[BlackElo "2335"]
[Annotator "RC"]
[PlyCount "118"]
[EventDate "2024.01.02"]
[EventType "swiss"]
[EventCountry "CRO"]
[SourceTitle "playchess.com"]
[Source "ChessBase"]
[SourceQuality "1"]
[TimeControl "5400+30"]

1. d4 Nf6 2. c4 g6 3. Nc3 Bg7 4. e4 d6 5. f3 O-O 6. Be3 c5 7. Nge2 Nc6 8. d5 Ne5 9. Ng3 e6 10. Be2 exd5 11. cxd5 a6 12. a4 Bd7 13. O-O b5 14. h3 b4 15. Nb1 c4 16. f4 Nd3 17. Bxd3 cxd3 18. Qxd3 Qe8 19. Nd2 Bxa4 20. Rfe1 Bb5 21. Qb3 a5 22. Bd4 Qb8 23. e5 Nd7 24. Qe3 dxe5 25. fxe5 Re8 26. e6 Bxd4 27. Qxd4 fxe6 28. dxe6 Qxg3 29. Qd5 Qd3 30. Qxd3 Bxd3 31. exd7 Red8 32. Rxa5 Rxa5 33. Re8+ Kf7 34. Rxd8 Ke7 35. Rb8 Kxd7 36. Rxb4 Kc6 37. Rd4 Bb5 38. Kf2 Ra2 39. b4 Ra3 40. Nf3 Ra2+ 41. Rd2 Rxd2+ 42. Nxd2 Kd5 43. Ke3 Bc6 44. Nf3 Bb7 45. Kf4 h6 46. Ne5 g5+ 47. Kf5 h5 48. Ng6 Kc4 49. Kxg5 Bxg2 50. h4 Kxb4 51. Kxh5 Bf3+ 52. Kg5 Kc5 53. Ne5 Be2 54. Ng4 Bxg4 55. Kxg4 Kd6 56. h5 Ke6 57. h6 Kf7 58. h7 Kg7 59. h8=B+ Kxh8 1/2-1/2

[Event "28th Bosnjaci Open 2024"]
[Site "Bosnjaci"]
[Date "2024.01.06"]
[Round "6.3"]
[White "Markovic, Franjo-Josip"]
[Black "Fercec, Nenad"]
[Result "0-1"]
[ECO "A50"]
[WhiteElo "2194"]
[BlackElo "2410"]
[Annotator "RC"]
[PlyCount "102"]
[EventDate "2024.01.02"]
[EventType "swiss"]
[EventCountry "CRO"]
[SourceTitle "playchess.com"]
[Source "ChessBase"]
[SourceQuality "1"]
[TimeControl "5400+30"]

1. d4 Nf6 2. Nf3 b6 3. c4 Bb7 4. g3 g6 5. Bg2 Bg7 6. O-O O-O 7. Nc3 Ne4 8. Bd2 Nxd2 9. Qxd2 c5 10. d5 d6 11. Ne1 a6 12. a4 Nd7 13. f4 b5 14. axb5 Nb6 15. b3 Bxc3 16. Qxc3 axb5 17. Nc2 Qd7 18. e4 bxc4 19. bxc4 Na4 20. Qd2 e6 21. f5 exf5 22. exf5 f6 23. fxg6 hxg6 24. Qh6 Qg7 25. Qf4 Ra6 26. Ra3 Bc8 27. Ne3 f5 28. Qg5 Nc3 29. Rxa6 Bxa6 30. Kh1 Qf6 31. Qxf6 Rxf6 32. Rc1 Na2 33. Rf1 Rf8 34. h4 Re8 35. Rf3 Nc1 36. h5 Ne2 37. hxg6 Nd4 38. Nxf5 Nxf3 39. Bxf3 Bxc4 40. Nxd6 Re1+ 41. Kg2 Rc1 42. Nxc4 Rxc4 43. Kf2 Kg7 44. Ke3 Kxg6 45. Be4+ Kg5 46. Bf3 Rd4 47. Ke2 c4 48. Ke1 c3 49. Bd1 Rxd5 50. Bb3 Rd4 51. Bd1 Rd6 0-1

[Event "28th Bosnjaci Open 2024"]
[Site "Bosnjaci"]
[Date "2024.01.06"]
[Round "6.4"]
[White "Kovacevic, Blazimir"]
[Black "Alimpic, Aleksa"]
[Result "1/2-1/2"]
[ECO "D02"]
[WhiteElo "2381"]
[BlackElo "2282"]
[Annotator "ChessBase"]
[PlyCount "51"]
[EventDate "2024.01.02"]
[EventType "swiss"]
[EventCountry "CRO"]
[SourceTitle "playchess.com"]
[Source "ChessBase"]
[SourceQuality "1"]
[TimeControl "5400+30"]

1. Nf3 d5 2. g3 Nc6 3. d4 Bf5 4. Bg2 Nb4 5. Na3 e6 6. O-O Be7 7. Ne5 f6 8. Nf3 Nc6 9. b3 Qd7 10. c4 O-O-O 11. Nc2 g5 12. Ne3 Be4 13. Bh3 f5 14. cxd5 exd5 15. Nxg5 Bxg5 16. f3 Nge7 17. fxe4 Bxe3+ 18. Bxe3 dxe4 19. Qe1 h5 20. Rd1 Qe6 21. Qf2 Rd5 22. Rc1 Rf8 23. Rc4 Kb8 24. Rfc1 Rd7 25. Rf1 Rd5 26. Rfc1 1/2-1/2

[Event "28th Bosnjaci Open 2024"]
[Site "Bosnjaci"]
[Date "2024.01.06"]
[Round "6.5"]
[White "Zufic, Miroslav"]
[Black "Cupic, Lovro"]
[Result "1-0"]
[ECO "B17"]
[WhiteElo "2354"]
[BlackElo "2265"]
[Annotator "ChessBase"]
[PlyCount "111"]
[EventDate "2024.01.02"]
[EventType "swiss"]
[EventCountry "CRO"]
[SourceTitle "playchess.com"]
[Source "ChessBase"]
[SourceQuality "1"]
[TimeControl "5400+30"]

1. e4 c6 2. d4 d5 3. Nc3 dxe4 4. Nxe4 Nd7 5. Bc4 Ngf6 6. Nxf6+ Nxf6 7. c3 Nd5 8. Nf3 Be6 9. Bb3 g6 10. O-O Bg7 11. Re1 O-O 12. Bg5 Re8 13. Qd2 Bf5 14. h3 f6 15. Bh6 g5 16. Bxg7 Kxg7 17. h4 gxh4 18. Nxh4 Bg6 19. c4 Nc7 20. Qf4 Qd7 21. Rad1 Ne6 22. Qg3 Nf8 23. f4 Kh8 24. d5 c5 25. Kf2 Bh5 26. Rd3 Rad8 27. Bc2 b5 28. b3 bxc4 29. bxc4 Rb8 30. Rb3 Qc7 31. f5 Qxg3+ 32. Kxg3 Rb6 33. Kf4 Nd7 34. g4 Bf7 35. Nf3 Kg7 36. Rbe3 Rb4 37. Bb3 Nb6 38. Kg3 Nxc4 39. Bxc4 Rxc4 40. d6 Rb4 41. Rxe7 Rxe7 42. Rxe7 Rb6 43. Rd7 Kf8 44. Rd8+ Kg7 45. Rd7 Kf8 46. g5 Ke8 47. Re7+ Kf8 48. Rd7 Ke8 49. Re7+ Kf8 50. Rxa7 Rxd6 51. gxf6 Rxf6 52. Kf4 Bg8 53. Ke5 Rc6 54. Ra8+ Kg7 55. f6+ Rxf6 56. Rxg8+ 1-0

[Event "28th Bosnjaci Open 2024"]
[Site "Bosnjaci"]
[Date "2024.01.06"]
[Round "6.6"]
[White "Muratovic, Efim"]
[Black "Damjanovic, Stjepan"]
[Result "1/2-1/2"]
[ECO "A14"]
[WhiteElo "2345"]
[BlackElo "2149"]
[Annotator "ChessBase"]
[PlyCount "98"]
[EventDate "2024.01.02"]
[EventType "swiss"]
[EventCountry "CRO"]
[SourceTitle "playchess.com"]
[Source "ChessBase"]
[SourceQuality "1"]
[TimeControl "5400+30"]

1. g3 Nf6 2. Bg2 e6 3. Nf3 d5 4. O-O Be7 5. c4 O-O 6. b3 Nbd7 7. Bb2 b6 8. cxd5 exd5 9. Nd4 Nb8 10. Qc2 Qd7 11. Nf3 c5 12. d4 Nc6 13. Ne5 Qe6 14. Nxc6 Qxc6 15. Nd2 Bb7 16. Rac1 Rac8 17. Qd3 Qe6 18. dxc5 bxc5 19. Rfe1 Rfd8 20. Qf3 Ne4 21. Nxe4 dxe4 22. Qf4 h6 23. Rc4 f5 24. Bh3 Rd5 25. Qc1 Rcd8 26. Ra4 Ba6 27. Bc3 Bxe2 28. Rxa7 Rd1 29. Qe3 Rxe1+ 30. Bxe1 Bf3 31. Bf1 Kh8 32. h3 Rd1 33. Kh2 Bg5 34. Qxc5 Rxe1 35. Qc3 Bf6 36. Qxe1 f4 37. Bg2 fxg3+ 38. fxg3 Qd5 39. Ra4 Bxg2 40. Kxg2 e3+ 41. Kg1 Qd2 42. Kf1 Qd3+ 43. Kg1 Qd2 44. Ra8+ Kh7 45. Qb1+ g6 46. Qe4 Qf2+ 47. Kh1 e2 48. Re8 Qf1+ 49. Kh2 Qf2+ 1/2-1/2

[Event "28th Bosnjaci Open 2024"]
[Site "Bosnjaci"]
[Date "2024.01.06"]
[Round "6.7"]
[White "Pehar, Borna"]
[Black "Hadzovic, Amir"]
[Result "0-1"]
[ECO "B06"]
[WhiteElo "1906"]
[BlackElo "2307"]
[Annotator "RC"]
[PlyCount "110"]
[EventDate "2024.01.02"]
[EventType "swiss"]
[EventCountry "CRO"]
[SourceTitle "playchess.com"]
[Source "ChessBase"]
[SourceQuality "1"]
[TimeControl "5400+30"]

1. e4 g6 2. d4 Bg7 3. Nc3 Nc6 4. Be3 d5 5. Nf3 dxe4 6. Nxe4 Nf6 7. Nxf6+ Bxf6 8. Bd3 Bg4 9. c3 e5 10. Bb5 exd4 11. Bxd4 Qe7+ 12. Qe2 Qxe2+ 13. Bxe2 Bxd4 14. cxd4 O-O-O 15. Ne5 Nxe5 16. dxe5 Bxe2 17. Kxe2 Rhe8 18. f4 f6 19. Rhd1 Rxd1 20. Rxd1 fxe5 21. fxe5 Rxe5+ 22. Kf3 a5 23. Rd2 c6 24. Kf4 Rf5+ 25. Ke4 Kc7 26. g4 Rc5 27. h3 b5 28. Rf2 h5 29. gxh5 Rxh5 30. Rf3 Rd5 31. Rf2 Kb6 32. Rc2 b4 33. Rg2 a4 34. b3 a3 35. Ke3 g5 36. Ke2 c5 37. Rg4 Kb5 38. h4 gxh4 39. Rxh4 Rg5 40. Kf2 Kc6 41. Rh6+ Kd5 42. Rh4 Re5 43. Rh8 Kd4 44. Rh3 Re4 45. Rh1 Kc3 46. Rh2 Rd4 47. Ke1 c4 48. bxc4 b3 49. axb3 Kxb3 50. Rh3+ Kb2 51. Rh2+ Kb1 52. Rh8 a2 53. Rb8+ Kc2 54. Ra8 Rd1+ 55. Ke2 a1=Q 0-1

[Event "28th Bosnjaci Open 2024"]
[Site "Bosnjaci"]
[Date "2024.01.06"]
[Round "6.8"]
[White "Sajin, Mirko"]
[Black "Vucenovic, Damian"]
[Result "1-0"]
[ECO "C45"]
[WhiteElo "2299"]
[BlackElo "2193"]
[Annotator "RC"]
[PlyCount "167"]
[EventDate "2024.01.02"]
[EventType "swiss"]
[EventCountry "CRO"]
[SourceTitle "playchess.com"]
[Source "ChessBase"]
[SourceQuality "1"]
[TimeControl "5400+30"]

1. e4 e5 2. Nf3 Nc6 3. d4 exd4 4. Nxd4 Bc5 5. Be3 Qf6 6. c3 Nge7 7. Bc4 d6 8. O-O Ne5 9. Be2 Qg6 10. f3 O-O 11. Qd2 d5 12. f4 N5c6 13. e5 Nxd4 14. Bxd4 Bb6 15. Na3 Bf5 16. Bf3 Rfd8 17. Qf2 Rac8 18. Bxb6 axb6 19. Rfd1 Bg4 20. Rd2 Bxf3 21. Qxf3 c6 22. Nc2 Nf5 23. Re1 Re8 24. Nd4 h5 25. Qh3 Nxd4 26. cxd4 Qh6 27. Qf3 Rcd8 28. g3 f5 29. h3 Re6 30. Rg2 Rf8 31. Rf1 Rg6 32. b4 b5 33. Qe2 Rf7 34. Rf3 Rf8 35. Qc2 Rf7 36. Qc3 Rf8 37. Qc5 h4 38. Qc1 hxg3 39. Rfxg3 Rxg3 40. Rxg3 Re8 41. Qe3 Re6 42. Kh2 Kf8 43. Rg5 Qh7 44. Qa3 Qh4 45. Rxf5+ Ke7 46. Qg3 Qh7 47. Qg5+ Ke8 48. Qh5+ Qxh5 49. Rxh5 Kf7 50. Rh8 c5 51. dxc5 Ra6 52. Rd8 Rxa2+ 53. Kg3 Ke6 54. Re8+ Kf5 55. Rf8+ Ke6 56. Rb8 d4 57. Rd8 Ra3+ 58. Kg4 d3 59. Rd6+ Ke7 60. Kf5 Rb3 61. Rd4 d2 62. Rxd2 Rxb4 63. Rd6 Rc4 64. Rb6 Rxc5 65. Rxb7+ Kd8 66. Rxg7 b4 67. Rb7 Rc4 68. e6 Ke8 69. Ke5 Kd8 70. f5 Kc8 71. Rb5 Kd8 72. f6 Rc1 73. Rxb4 Re1+ 74. Re4 Rf1 75. Rd4+ Ke8 76. f7+ Ke7 77. Rd7+ Kf8 78. Rd8+ Kg7 79. Rg8+ Kh7 80. Rg4 Re1+ 81. Kf6 Rf1+ 82. Ke7 Re1 83. Rh4+ Kg6 84. f8=Q 1-0

[Event "28th Bosnjaci Open 2024"]
[Site "Bosnjaci"]
[Date "2024.01.06"]
[Round "6.9"]
[White "Milovic, Jovan"]
[Black "Jocev, Milan"]
[Result "1/2-1/2"]
[ECO "A01"]
[WhiteElo "2223"]
[BlackElo "2376"]
[Annotator "RC"]
[PlyCount "24"]
[EventDate "2024.01.02"]
[EventType "swiss"]
[EventCountry "CRO"]
[SourceTitle "playchess.com"]
[Source "ChessBase"]
[SourceQuality "1"]
[TimeControl "5400+30"]

1. b3 e5 2. Bb2 Nc6 3. c4 f5 4. e3 Nf6 5. Nf3 d6 6. d4 e4 7. d5 Nb8 8. Ng5 h6 9. Nh3 g5 10. Be2 Bg7 11. Bh5+ Kf8 12. Be2 Qe7 1/2-1/2

[Event "28th Bosnjaci Open 2024"]
[Site "Bosnjaci"]
[Date "2024.01.06"]
[Round "6.10"]
[White "Zovko, Mario"]
[Black "Petricevic, Mateo"]
[Result "1-0"]
[ECO "D32"]
[WhiteElo "2268"]
[BlackElo "2019"]
[Annotator "ChessBase"]
[PlyCount "123"]
[EventDate "2024.01.02"]
[EventType "swiss"]
[EventCountry "CRO"]
[SourceTitle "playchess.com"]
[Source "ChessBase"]
[SourceQuality "1"]
[TimeControl "5400+30"]

1. d4 d5 2. c4 e6 3. Nc3 c5 4. cxd5 cxd4 5. Qa4+ Bd7 6. Qxd4 exd5 7. Qxd5 Nf6 8. Qd1 Nc6 9. Nf3 Bc5 10. a3 h6 11. e3 Qe7 12. Be2 g5 13. b4 Bd6 14. Nb5 Bb8 15. Bb2 a6 16. Nbd4 g4 17. Nxc6 Bxc6 18. Qd4 gxf3 19. Bxf3 Bxf3 20. gxf3 Rg8 21. Qxf6 Qxf6 22. Bxf6 Rg6 23. Bd4 Bd6 24. Ke2 a5 25. Bc3 Rc8 26. Rac1 h5 27. Bd2 Rxc1 28. Rxc1 Rg2 29. Rh1 axb4 30. axb4 Rxh2 31. Rxh2 Bxh2 32. f4 h4 33. Kf3 h3 34. Kg4 Bg1 35. Kxh3 Bxf2 36. Kg4 Ke7 37. e4 Bd4 38. Kf5 Bb2 39. e5 Bd4 40. Ke4 Bf2 41. Kd5 Kd7 42. Bc3 Bh4 43. Bd4 Be7 44. Bc5 Bh4 45. Ke4 Ke6 46. f5+ Kd7 47. b5 Bg5 48. Kf3 Bd2 49. Bd4 Bc1 50. Ke4 Bd2 51. Bc5 Be1 52. e6+ fxe6 53. f6 Bh4 54. f7 Be7 55. f8=Q Bxf8 56. Bxf8 Kc7 57. Bc5 Kb8 58. Ke5 Ka8 59. Kxe6 Kb8 60. Kd7 Ka8 61. Kc7 b6 62. Kxb6 1-0

[Event "28th Bosnjaci Open 2024"]
[Site "Bosnjaci"]
[Date "2024.01.06"]
[Round "6.11"]
[White "Pavic, Filip"]
[Black "Dubrovic, Mihovil"]
[Result "1-0"]
[ECO "C60"]
[WhiteElo "2261"]
[BlackElo "1955"]
[Annotator "ChessBase"]
[PlyCount "47"]
[EventDate "2024.01.02"]
[EventType "swiss"]
[EventCountry "CRO"]
[SourceTitle "playchess.com"]
[Source "ChessBase"]
[SourceQuality "1"]
[TimeControl "5400+30"]

1. e4 e5 2. Nf3 Nc6 3. Bb5 Nge7 4. Nc3 g6 5. d4 exd4 6. Nd5 Nxd5 7. exd5 Qe7+ 8. Kf1 Qc5 9. Qe2+ Ne7 10. Bg5 Bg7 11. Re1 f6 12. b4 Qxb4 13. Bd2 Qa3 14. Nxd4 Kd8 15. Bc1 Qc5 16. Nb3 Qd6 17. Bf4 Qa3 18. d6 Nd5 19. Bc4 cxd6 20. Bxd5 Bf8 21. h4 Qb4 22. Bd2 Qa4 23. Rh3 Rb8 24. Qe8+ 1-0

[Event "28th Bosnjaci Open 2024"]
[Site "Bosnjaci"]
[Date "2024.01.06"]
[Round "6.12"]
[White "Troselj, Ivan"]
[Black "Cvitan, Ena"]
[Result "1/2-1/2"]
[ECO "B13"]
[WhiteElo "2067"]
[BlackElo "2242"]
[Annotator "RC"]
[PlyCount "30"]
[EventDate "2024.01.02"]
[EventType "swiss"]
[EventCountry "CRO"]
[SourceTitle "playchess.com"]
[Source "ChessBase"]
[SourceQuality "1"]
[TimeControl "5400+30"]

1. e4 c6 2. d4 d5 3. exd5 cxd5 4. Bd3 Nc6 5. c3 Nf6 6. Bf4 Bg4 7. Qb3 Qd7 8. Nd2 e6 9. Ngf3 Bxf3 10. Nxf3 Bd6 11. Bxd6 Qxd6 12. Qxb7 Rb8 13. Qa6 O-O 14. O-O Rb6 15. Qa3 Qxa3 1/2-1/2

[Event "28th Bosnjaci Open 2024"]
[Site "Bosnjaci"]
[Date "2024.01.06"]
[Round "6.13"]
[White "Jelecevic, Ivo"]
[Black "Rosic, Slavko S"]
[Result "0-1"]
[ECO "B30"]
[WhiteElo "2049"]
[BlackElo "2231"]
[Annotator "RC"]
[PlyCount "82"]
[EventDate "2024.01.02"]
[EventType "swiss"]
[EventCountry "CRO"]
[SourceTitle "playchess.com"]
[Source "ChessBase"]
[SourceQuality "1"]
[TimeControl "5400+30"]

1. e4 c5 2. Nf3 Nc6 3. Bb5 e6 4. Nc3 Nge7 5. d4 cxd4 6. Nxd4 a6 7. Nxc6 bxc6 8. Bd3 Ng6 9. O-O e5 10. g3 Bc5 11. Qe2 d6 12. Be3 Bxe3 13. Qxe3 Bh3 14. Rfe1 O-O 15. Rad1 Qf6 16. Bf1 Bxf1 17. Rxf1 Qe6 18. b3 f5 19. exf5 Rxf5 20. Qb6 Ne7 21. Qb7 Raf8 22. Qxa6 d5 23. Qe2 Ng6 24. Na4 Rf3 25. Rd3 R3f6 26. Re3 Qh3 27. f3 e4 28. f4 Ne5 29. Qg2 Qf5 30. Nc5 Nf3+ 31. Rexf3 exf3 32. Rxf3 h5 33. Re3 d4 34. Re5 Qg4 35. Qe2 Rxf4 36. Qxg4 Rf1+ 37. Kg2 R1f2+ 38. Kh3 hxg4+ 39. Kxg4 Rxc2 40. Ne6 d3 41. Re3 Re2 0-1

[Event "28th Bosnjaci Open 2024"]
[Site "Bosnjaci"]
[Date "2024.01.06"]
[Round "6.14"]
[White "Ljikar, Zoran"]
[Black "Vranjic, Marko"]
[Result "1-0"]
[ECO "B23"]
[WhiteElo "2200"]
[BlackElo "1871"]
[Annotator "ChessBase"]
[PlyCount "49"]
[EventDate "2024.01.02"]
[EventType "swiss"]
[EventCountry "CRO"]
[SourceTitle "playchess.com"]
[Source "ChessBase"]
[SourceQuality "1"]
[TimeControl "5400+30"]

1. e4 c5 2. Nc3 d6 3. g3 g6 4. Bg2 Bg7 5. d3 e6 6. Be3 Ne7 7. Qd2 h6 8. d4 c4 9. Nge2 Nd7 10. O-O Nf6 11. Nb5 Ng4 12. Qb4 d5 13. Bf4 O-O 14. Bd6 Nc6 15. Qd2 a6 16. Bxf8 Bxf8 17. Nbc3 Ne7 18. b3 b5 19. bxc4 bxc4 20. Rab1 Ra7 21. Qf4 h5 22. h3 e5 23. Qd2 exd4 24. Qxd4 Nc6 25. Qxd5 1-0

[Event "28th Bosnjaci Open 2024"]
[Site "Bosnjaci"]
[Date "2024.01.06"]
[Round "6.15"]
[White "Konjevic, Nikola"]
[Black "Goric, Esad"]
[Result "1/2-1/2"]
[ECO "B01"]
[WhiteElo "2035"]
[BlackElo "2196"]
[Annotator "ChessBase"]
[PlyCount "107"]
[EventDate "2024.01.02"]
[EventType "swiss"]
[EventCountry "CRO"]
[TimeControl "5400+30"]

1. e4 d5 2. exd5 Qxd5 3. Nc3 Qd6 4. d4 a6 5. g3 Nf6 6. Bg2 e6 7. Nf3 Be7 8. Bf4 Qd8 9. O-O O-O 10. Na4 Bd7 11. c4 Bc6 12. Nc3 b5 13. Qb3 bxc4 14. Qxc4 Bd6 15. Bg5 h6 16. Bxf6 Qxf6 17. d5 exd5 18. Nxd5 Bxd5 19. Qxd5 Nd7 20. b3 Nb6 21. Qa5 Rfe8 22. Rfe1 Re7 23. Rxe7 Bxe7 24. Re1 Bd6 25. Nd4 Rf8 26. Nf5 Nd7 27. Nxd6 Qxd6 28. Qd5 Rd8 29. Rc1 Qxd5 30. Bxd5 Nb8 31. Rc5 c6 32. Bc4 Rd7 33. Kf1 Kf8 34. Ke2 f6 35. Bd3 Ke7 36. Rc4 a5 37. Ra4 Rd5 38. Re4+ Kd6 39. Ke3 Nd7 40. Bc4 Re5 41. Kd4 f5 42. Rxe5 Nxe5 43. Be2 c5+ 44. Ke3 Nc6 45. Bc4 Ne5 46. h3 Nc6 47. Kf4 Nd4 48. h4 g6 49. Bf7 Ne2+ 50. Kf3 Nd4+ 51. Kf4 Ne2+ 52. Kf3 Nd4+ 53. Kf4 Ne2+ 54. Kf3 1/2-1/2

[Event "28th Bosnjaci Open 2024"]
[Site "Bosnjaci"]
[Date "2024.01.06"]
[Round "6.16"]
[White "Tomas, Ante"]
[Black "Saric, Kristina"]
[Result "1/2-1/2"]
[ECO "E04"]
[WhiteElo "2014"]
[BlackElo "2111"]
[Annotator "RC"]
[PlyCount "67"]
[EventDate "2024.01.02"]
[EventType "swiss"]
[EventCountry "CRO"]
[SourceTitle "playchess.com"]
[Source "ChessBase"]
[SourceQuality "1"]
[TimeControl "5400+30"]

1. Nf3 Nf6 2. g3 d5 3. Bg2 c5 4. O-O Nc6 5. d4 e6 6. c4 dxc4 7. dxc5 Qxd1 8. Rxd1 Bxc5 9. Nbd2 O-O 10. Nxc4 Ne4 11. e3 Rd8 12. Rxd8+ Nxd8 13. Nfe5 Nf6 14. Bd2 Bd7 15. Rc1 Rb8 16. Nxd7 Nxd7 17. Ne5 Nxe5 18. Rxc5 Ndc6 19. Bc3 Nd7 20. Rb5 a6 21. Bxc6 bxc6 22. Rxb8+ Nxb8 23. Kf1 Nd7 24. Ke2 f6 25. Kd3 Kf7 26. Kc4 c5 27. b4 cxb4 28. Kxb4 e5 29. Ka5 Nc5 30. Kb4 Nb7 31. Kc4 Ke6 32. Bb4 h5 33. e4 Nd6+ 34. Bxd6 1/2-1/2

[Event "28th Bosnjaci Open 2024"]
[Site "Bosnjaci"]
[Date "2024.01.06"]
[Round "6.17"]
[White "Vujnovic, Patricija"]
[Black "Jovic, Stevan"]
[Result "1-0"]
[ECO "B19"]
[WhiteElo "2104"]
[BlackElo "1993"]
[Annotator "NA RC"]
[PlyCount "59"]
[EventDate "2024.01.02"]
[EventType "swiss"]
[EventCountry "CRO"]
[SourceTitle "playchess.com"]
[Source "ChessBase"]
[SourceQuality "1"]
[TimeControl "5400+30"]

1. d4 c6 2. e4 d5 3. Nc3 dxe4 4. Nxe4 Bf5 5. Ng3 Bg6 6. h4 h6 7. h5 Bh7 8. Nf3 Nf6 9. Bd3 Bxd3 10. Qxd3 e6 11. Bd2 c5 12. Ne4 Nxe4 13. Qxe4 Nc6 14. dxc5 Bxc5 15. O-O-O Qe7 16. Ne5 Nxe5 17. Qxe5 O-O 18. Qg3 Kh8 19. Bc3 f6 20. Rd3 f5 21. Rhd1 Rf7 22. f4 Qc7 23. Be5 Qe7 24. Qg6 Kg8 25. Kb1 b5 26. a3 a5 27. Rd7 Qf8 28. Qxe6 b4 29. Rxf7 Qxf7 30. Qc6 1-0

[Event "28th Bosnjaci Open 2024"]
[Site "Bosnjaci"]
[Date "2024.01.06"]
[Round "6.18"]
[White "Grgantov, Marin"]
[Black "Sundac, Ivano"]
[Result "1/2-1/2"]
[ECO "B28"]
[WhiteElo "1973"]
[BlackElo "2070"]
[Annotator "NA RC"]
[PlyCount "28"]
[EventDate "2024.01.02"]
[EventType "swiss"]
[EventCountry "CRO"]
[SourceTitle "playchess.com"]
[Source "ChessBase"]
[SourceQuality "1"]
[TimeControl "5400+30"]

1. e4 c5 2. Nf3 a6 3. c3 d5 4. exd5 Qxd5 5. d4 Nf6 6. c4 Qd8 7. Nc3 cxd4 8. Qxd4 Qxd4 9. Nxd4 e5 10. Nb3 Nc6 11. Be2 Be6 12. O-O Be7 13. Be3 O-O 14. Rfd1 Rfd8 1/2-1/2

[Event "28th Bosnjaci Open 2024"]
[Site "Bosnjaci"]
[Date "2024.01.06"]
[Round "6.19"]
[White "Biti, Ozren"]
[Black "Alfirevic, Duje"]
[Result "1-0"]
[ECO "C56"]
[WhiteElo "2308"]
[BlackElo "2000"]
[Annotator "RC"]
[PlyCount "79"]
[EventDate "2024.01.02"]
[EventType "swiss"]
[EventCountry "CRO"]
[SourceTitle "playchess.com"]
[Source "ChessBase"]
[SourceQuality "1"]
[TimeControl "5400+30"]

1. e4 e5 2. Nf3 Nc6 3. Bc4 Nf6 4. d4 exd4 5. Ng5 d5 6. exd5 Qe7+ 7. Kf1 Ne5 8. Qxd4 h6 9. Ne4 Nxc4 10. Nxf6+ Qxf6 11. Qxc4 Bd6 12. Nc3 O-O 13. Ne4 Qg6 14. h4 Bf5 15. h5 Qh7 16. Nxd6 cxd6 17. Qd4 Bxc2 18. Kg1 Qe4 19. Rh4 Qe1+ 20. Kh2 Qe5+ 21. Qxe5 dxe5 22. Be3 Rfd8 23. Rc1 Rac8 24. Bxa7 Rxd5 25. Be3 Rc6 26. Rb4 Rd7 27. Rb5 f6 28. Ra5 Kf7 29. b4 Be4 30. Rxc6 Bxc6 31. b5 Bd5 32. a4 Rd8 33. Ra7 Ke6 34. a5 Rd7 35. Ra8 Bc4 36. a6 bxa6 37. bxa6 Bd5 38. Rc8 Ke7 39. Bc5+ Kf7 40. a7 1-0

[Event "28th Bosnjaci Open 2024"]
[Site "Bosnjaci"]
[Date "2024.01.06"]
[Round "6.20"]
[White "Kejzar, Petra"]
[Black "Bobanac, Miro"]
[Result "1/2-1/2"]
[ECO "A34"]
[WhiteElo "2025"]
[BlackElo "2238"]
[Annotator "RC"]
[PlyCount "94"]
[EventDate "2024.01.02"]
[EventType "swiss"]
[EventCountry "CRO"]
[SourceTitle "playchess.com"]
[Source "ChessBase"]
[SourceQuality "1"]
[TimeControl "5400+30"]

1. d4 Nf6 2. c4 e6 3. g3 c5 4. Nf3 d5 5. cxd5 Nxd5 6. Bg2 Nc6 7. O-O Be7 8. Nc3 Nxc3 9. bxc3 O-O 10. Rb1 Qa5 11. Qc2 Bf6 12. Bg5 Bxg5 13. Nxg5 g6 14. d5 exd5 15. Bxd5 Qd8 16. Ne4 Bf5 17. Qb2 Bxe4 18. Bxe4 Rb8 19. Rfd1 Qe7 20. Bd5 Nd8 21. Qd2 b6 22. h4 Re8 23. e4 Ne6 24. Kg2 Nc7 25. Re1 Rbd8 26. h5 Qd6 27. c4 Qe5 28. hxg6 hxg6 29. Qh6 Nxd5 30. cxd5 c4 31. Re3 c3 32. Rh1 b5 33. Rf3 Qg7 34. Qxg7+ Kxg7 35. Rxc3 Rxe4 36. Ra3 Rxd5 37. Rxa7 Rd2 38. Rh4 Rxh4 39. gxh4 Rd5 40. Rb7 Rf5 41. Kg3 Kf6 42. a4 bxa4 43. Ra7 Kg7 44. Rxa4 Kh6 45. Rb4 Rd5 46. f3 Rc5 47. Ra4 Rb5 1/2-1/2

[Event "28th Bosnjaci Open 2024"]
[Site "Bosnjaci"]
[Date "2024.01.07"]
[Round "7.1"]
[White "Saric, Ante"]
[Black "Zaja, Ivan"]
[Result "1/2-1/2"]
[ECO "E43"]
[WhiteElo "2508"]
[BlackElo "2419"]
[Annotator "TA"]
[PlyCount "41"]
[EventDate "2024.01.02"]
[EventType "swiss"]
[EventCountry "CRO"]
[SourceTitle "playchess.com"]
[Source "ChessBase"]
[SourceQuality "1"]
[TimeControl "5400+30"]

1. d4 e6 2. c4 b6 3. Nf3 Nf6 4. Nc3 Bb4 5. e3 Bb7 6. Bd3 Ne4 7. Qc2 Bxc3+ 8. bxc3 f5 9. O-O O-O 10. Nd2 Qh4 11. f3 Nxd2 12. Bxd2 {[%emt 0:00:04] [#]} {Predecessor:} d6 $146 {E43: Nimzo-Indian: Rubinstein: 4...b6.} 13. a4 Nc6 14. g3 Qh5 15. e4 Na5 16. Rae1 fxe4 17. fxe4 Ba6 18. Bf4 Bxc4 19. Bxc4 Nxc4 20. Qb3 d5 21. Qb5 {½-½ Li,C (2746)-Anand,V (2776) Moscow Tal Memorial 10th 2016 (3)} 1/2-1/2